 Dungeon Crawl Stone Soup version 0.31.0-32-g396128a36d (webtiles) character file.

Game seed: 14414541519536621027

5669 CapUranus the Cleaver (level 10, -3/86 HPs)
             Began as a Hill Orc Fighter on Apr 13, 2024.
             Was an Initiate of Gozag.
             Slain by a vampire (9 damage)
             ... on level 9 of the Dungeon.
             The game lasted 00:24:52 (8270 turns).

CapUranus the Cleaver (Hill Orc Fighter)            Turns: 8270, Time: 00:24:53

Health: -3/86      AC: 19    Str: 28    XL:     10   Next: 75%
Magic:  10/10      EV:  9    Int:  8    God:    Gozag
Gold:   623        SH: 14    Dex: 10    Spells: 9/9 levels left

rFire   + . .        u - +2 hand axe (heavy)
rCold   x . .        C - +0 tower shield
rNeg    + . .        y - +5 scale mail of Uskayaw, Witching {rPois Will+ rCorr}
rPois   +            (no helmet)
rElec   .            e - +0 cloak
rCorr   +            (no gloves)
SInv    .            j - +0 pair of boots
Will    +....        (no amulet) Stlth
                     F - ring "Xemy" {Fire ^Contam rN+ Str+4}
HPRegen 0.34/turn    o - +4 ring of protection
MPRegen 0.12/turn

%: no passive effects
@: lethally poisoned (-3 -> -4), slowed, very slow
A: no striking features
a: Renounce Religion, Potion Petition, Call Merchant, Bribe Branch


You were on level 9 of the Dungeon.
You worshipped Gozag.
Gozag was pleased with you.
You visited 2 branches of the dungeon, and saw 10 of its levels.

You collected 1198 gold pieces.
You spent 468 gold pieces at shops.
You paid 107 gold pieces to Gozag.

Inventory:

Hand Weapons
 a - a +0 war axe
 u - a +2 heavy hand axe (weapon)
 B - a +2 falchion of electrocution
Missiles
 t - 3 throwing nets (quivered)
Armour
 c - a +0 buckler
 e - a +0 cloak (worn)
 j - a +0 pair of boots (worn)
 y - the +5 scale mail of Uskayaw, Witching (worn) {rPois Will+ rCorr}
   (You found it on level 5 of the Dungeon)

   rPois:     It protects you from poison Will+: It increases your willpower.
   rCorr:     It protects you from acid and corrosion.
 C - a +0 tower shield (worn)
Jewellery
 i - a ring of resist corrosion
 l - a ring of magical power
 o - a +4 ring of protection (right hand)
 q - a ring of protection from cold
 D - a ring of fire
 F - the ring "Xemy" (left hand) {Fire ^Contam rN+ Str+4}
   (You bought it in a shop on level 2 of the Dungeon)

   [ring of fire]

   Fire:      It enhances your fire magic.
   Str+4:     It affects your strength (+4).
   rF+:       It protects you from fire.
   rC-:       It makes you vulnerable to cold.
   rN+:       It protects you from negative energy.
   ^Contam:   It causes magical contamination when unequipped.
 I - an amulet of faith
 K - a +6 ring of strength
Wands
 E - a wand of iceblast (16)
 G - a wand of quicksilver (15)
 H - a wand of charming (11)
Scrolls
 b - 2 scrolls of vulnerability {unknown}
 f - a scroll of torment {unknown}
 g - 4 scrolls of poison {unknown}
 m - a scroll of amnesia {unknown}
 n - 7 scrolls of identify {unknown}
 p - 3 scrolls of immolation {unknown}
 r - 2 scrolls of revelation {unknown}
 w - a scroll of fear {unknown}
 L - a scroll of teleportation {unknown}
 M - a scroll of fog {unknown}
Potions
 d - 2 potions of might
 h - a potion of ambrosia {unknown}
 k - 2 potions of curing {unknown}
 s - a potion of cancellation {unknown}
 v - 3 potions of heal wounds {unknown}
 x - a potion of degeneration {unknown}
 z - a potion of brilliance {unknown}
 A - a potion of lignification {unknown}
 J - 2 potions of mutation {unknown}
 N - a potion of haste {unknown}


   Skills:
 + Level 7.6 Fighting
 + Level 12.7 Axes
 + Level 8.2 Armour
 + Level 3.8 Dodging
 + Level 0.8 Stealth
 + Level 8.6 Shields


You had 9 spell levels left.
You didn't know any spells.
Your spell library contained the following spells:

 Spells                   Type           Power      Damage    Failure   Level
 Shock                    Conj/Air       0%         1d3       96%         1
 Sting                    Conj/Alch      0%         1d3       96%         1
 Summon Small Mammal      Summ           0%         N/A       96%         1
 Mercury Vapours          Alch/Air       0%         N/A       99%         2
 Call Canine Familiar     Summ           0%         N/A       100%        3
 Swiftness                Air            0%         N/A       100%        3
 Airstrike                Air            0%         2d(0-16)  100%        4
 Olgreb's Toxic Radiance  Alch           0%         N/A       100%        4
 Summon Blazeheart Golem  Fire/Summ      0%         N/A       100%        4
 Alistair's Intoxication  Alch           0%         N/A       100%        5
 Borgnjor's Vile Clutch   Necr/Erth      0%         N/A       100%        5
 Eringya's Noxious Bog    Alch           0%         4d6       100%        6


Dungeon Overview and Level Annotations

Branches:
Dungeon (9/15)             Temple (1/1) D:6
   Lair: D:8-11         Orc: D:9-12

Altars:
Ashenzari
Cheibriados
Dithmenos
Elyvilon
Gozag
Hepliaklqana
Kikubaaqudgha
Makhleb
Nemelex Xobeh
Okawaru
Qazlal
Ru
Sif Muna
Trog
Uskayaw
Vehumet
Wu Jian
Xom
Yredelemnul
Zin
The Shining One

Shops:
D:2 =

Annotations:
D:7 1 runed translucent door, mora's ghost, novice OpBr


Message History

Something bites you but does no damage.
You slash something! Something draws life force from you!
Something hits you but does no damage. Something bites you!
You closely miss something.
The kobold brigand is no longer distracted by gold.
Something completely misses you. Something bites you but does no damage.
You slash something!
The kobold brigand throws a curare-tipped dart.
The curare-tipped dart hits you.
You are poisoned.
You have difficulty breathing.
You feel yourself slow down. Something hits you but does no damage.
Something bites you but does no damage.
The kobold brigand throws a curare-tipped dart.
The curare-tipped dart hits you. You resist.
You barely miss something.
You feel very sick. Something draws life force from you.
* * * LOW HITPOINT WARNING * * *
Something draws life force from you.
* * * LOW HITPOINT WARNING * * *
The kobold brigand throws a curare-tipped dart.
You block the curare-tipped dart.
You closely miss something.
You feel very sick.
You hear some strange, mumbled words.
Something tries to affect you, but you resist.
You block something's attack. Something bites you but does no damage.
You barely miss something.
You feel sick. Something hits you.
* * * LOW HITPOINT WARNING * * *
Something bites you but does no damage.
The kobold brigand throws a curare-tipped dart.
You block the curare-tipped dart.
You barely miss something.
You feel sick.
A vampire appears from thin air!
Reactivating autopickup.
Deactivating autopickup; reactivate with Ctrl-A.
Something draws life force from you.
* * * LOW HITPOINT WARNING * * *
Something hits you!
You die...
Your body crumbles into a pile of gold.

.............####....##..#.#
....."....._.#...K...# ..V.
.............#......## ####
.............#...################
...###.......#...#...............
.....#...........#.###...........
.....#.......#...#.###...........
.....#......)#####...............
.....'.......VK{@................
....)##......#########.##........
...####......# #.#####..... ...#
######## #.# #..... ...# #.
#....# ...# #...## ...# #..|# ###
#...# #...#


You could see a vampire (unaware) and a kobold brigand.

Vanquished Creatures
  Pikel (D:7)
  Prince Ribbit (D:7)
  A shadow (D:9)
  A wyvern (D:8)
  Eustachio (D:6)
  12 yaks
  A wraith (D:8)
  A water moccasin (D:5)
  4 orc warriors
  A sky beast (D:7)
  2 ice beasts
  2 centaurs
  A bullfrog (D:6)
  2 scorpions
  10 wights
  An electric eel (D:8)
  A jelly (D:7)
  2 gnoll boudas
  2 hounds
  10 orc priests
  Jessica (D:2)
  4 iguanas
  7 orc wizards
  8 gnolls
  9 adders
  2 ufetubi (D:5)
  3 dart slugs
  A ribbon worm (D:4)
  38 orcs
  9 endoplasms
  5 giant cockroaches
  15 goblins
  8 hobgoblins
  3 jackals (D:1)
  2 quokkas
  7 ball pythons
  7 bats
  3 frilled lizards
  12 kobolds
  3 rats
204 creatures vanquished.

Notes
Turn   | Place    | Note
-------+----------+-------------------------------------------
     0 | D:1      | CapUranus the Hill Orc Fighter began the quest for the Orb.
     0 | D:1      | Reached XP level 1. HP: 19/19 MP: 1/1
    97 | D:1      | Reached XP level 2. HP: 21/27 MP: 2/2
   132 | D:1      | Reached skill level 3 in Axes
   314 | D:1      | Reached XP level 3. HP: 33/33 MP: 3/3
   726 | D:2      | Reached XP level 4. HP: 40/40 MP: 4/4
   889 | D:2      | Reached skill level 4 in Axes
  1041 | D:2      | Found Rinuwn's Jewellery Boutique.
  1245 | D:2      | Noticed Jessica
  1248 | D:2      | Killed Jessica
  1500 | D:3      | Reached XP level 5. HP: 43/46 MP: 5/5
  1500 | D:3      | Found a faded altar of an unknown god.
  1932 | D:3      | Reached skill level 5 in Axes
  2296 | D:4      | Reached skill level 1 in Dodging
  2347 | D:4      | Reached XP level 6. HP: 21/52 MP: 6/6
  2565 | D:4      | Reached skill level 6 in Axes
  2793 | D:4      | HP: 2/53 [poisoned by a goblin]
  3065 | D:5      | Entered Level 5 of the Dungeon
  3094 | D:5      | Noticed a water moccasin
  3108 | D:5      | Killed a water moccasin
  3131 | D:5      | Reached skill level 5 in Armour
  3131 | D:5      | Reached XP level 7. HP: 48/60 MP: 7/7
  3265 | D:5      | Reached skill level 7 in Axes
  3396 | D:5      | Reached skill level 5 in Fighting
  3816 | D:5      | Identified the +5 scale mail of Uskayaw, Witching {rPois
                  | Will+ rCorr}
  3924 | D:6      | Noticed Eustachio
  3936 | D:6      | HP: 3/61 [Eustachio/+2 falchion of electrocution (18)]
  3937 | D:6      | Killed Eustachio
  3938 | D:6      | Reached skill level 8 in Axes
  4229 | D:6      | Reached XP level 8. HP: 68/68 MP: 8/8
  4233 | D:6      | Noticed a yak
  4233 | D:6      | Noticed a yak
  4234 | D:6      | Noticed a yak
  4234 | D:6      | Noticed a yak
  4260 | D:6      | Noticed a yak
  4262 | D:6      | Noticed a yak
  4269 | D:6      | Killed a yak
  4270 | D:6      | Reached skill level 5 in Shields
  4271 | D:6      | Killed a yak
  4288 | D:6      | Killed a yak
  4289 | D:6      | Reached skill level 9 in Axes
  4295 | D:6      | Killed a yak
  4303 | D:6      | Killed a yak
  4306 | D:6      | Killed a yak
  4307 | D:6      | Reached XP level 9. HP: 7/75 MP: 9/9
  4608 | D:6      | Found a staircase to the Ecumenical Temple.
  4622 | Temple   | Entered the Ecumenical Temple
  4654 | Temple   | Became a worshipper of Gozag Ym Sagoz the Greedy
  4901 | D:6      | Reached skill level 10 in Axes
  4908 | D:6      | You fall into a shaft and drop 2 floors!
  5422 | D:7      | Found a runed translucent door.
  5444 | D:7      | Noticed mora's ghost (novice OpBr)
  5538 | D:7      | Noticed Prince Ribbit
  5564 | D:7      | Killed Prince Ribbit
  5565 | D:7      | Reached skill level 11 in Axes
  5611 | D:7      | Noticed Pikel
  5623 | D:7      | Killed Pikel
  5624 | D:7      | Reached XP level 10. HP: 68/84 MP: 10/10
  6784 | D:2      | Bought the ring "Xemy" {Fire ^Contam rN+ Str+4} for 468
                  | gold pieces
  7503 | D:8      | Found a glowing golden altar of the Shining One.
  7821 | D:9      | Reached skill level 12 in Axes
  8100 | D:9      | Found a sacrificial altar of Ru.
  8270 | D:9      | Slain by a vampire

Illustrated notes

Levels and vault maps discovered:
D:1:      minmay_arrival_open_corners, layout_rooms
D:2:      layout_basic, serial_shops, nicolae_shop_waterfront, uniq_jessica
D:3:      layout_loops_ring, ebering_ecumenical_altar_abandoned
D:4:      layout_basic
D:5:      layout_loops_ring, minmay_crystal_room
D:6:      layout_cave_pods, minmay_temple_entry_proselytizer, uniq_eustachio
D:7:      layout_basic, ebering_ghost_reflecting_pool, uniq_prince_ribbit1,
          uniq_pikel
D:8:      layout_cave_pools, general_overflow_altar, enter_bailey_8,
          minivault_14
D:9:      regret_index_dithmenos_penumbral_divide, layout_basic,
          overflow_temple_1_default, nicolae_overflow_hidden_temple, uniq_erica
Temple:   nicolae_temple_bog_church

Skill      XL: |  1  2  3  4  5  6  7  8  9 10 |
---------------+-------------------------------+-----
Axes           | 3 4 5 6 8 9 11 12 | 12.7
Armour         | 4 5 6 7 8 |  8.2
Fighting       | 4 5 6 7 |  7.6
Dodging        | 1 2 3 |  3.8
Shields        | 4 6 7 8 |  8.6
Stealth        | |  0.8

Action                     |  1- 3 |  4- 6 |  7- 9 | 10-12 || total
---------------------------+-------+-------+-------+-------++-------
  Melee: War axe           |    95 |   105 |       |       ||   200
         Hand axe          |       |    51 |   255 |   157 ||   463
   Stab: Distracted        |       |       |       |     1 ||     1
 Armour: Scale mail        |    74 |     3 |   133 |    92 ||   302
         Chain mail        |       |   123 |    43 |       ||   166
  Dodge: Dodged            |    59 |    72 |    80 |    27 ||   238
  Block: Buckler           |    27 |    33 |    19 |       ||    79
         Tower shield      |       |       |   129 |   105 ||   234
